 Dungeon Crawl Stone Soup version 0.23-a0-586-gacb4b3f (webtiles) character file.

355 RoseArtemis the Gusty (level 6, -5/45 HPs)
             Began as a Human Air Elementalist on Dec 19, 2018.
             Was an Initiate of Vehumet.
             Slain by Eustachio
             ... wielding a +1 rapier of electrocution
              (10 damage)
             ... on level 4 of the Dungeon.
             The game lasted 00:13:30 (5711 turns).

RoseArtemis the Gusty (Human Air Elementalist)      Turns: 5711, Time: 00:13:31

Health: -5/45      AC:  6    Str:  8    XL:     6   Next: 95%
Magic:  0/10       EV: 13    Int: 18    God:    Vehumet [......]
Gold:   172        SH:  0    Dex: 13    Spells: 1/11 levels left

rFire    . . .     SeeInvis .   a - +0 dagger (holy)
rCold    . . .     Gourm    .   (no shield)
rNeg     . . .     Faith    .   b - +0 robe
rPois    .         Spirit   .   k - +1 helmet
rElec    .         Reflect  .   (no cloak)
rCorr    .         Harm     .   m - +0 pair of gloves
MR       +....                  o - +0 pair of boots
Stlth    ++........             (no amulet)
HPRegen  0.15/turn              h - ring of protection from magic
MPRegen  0.12/turn              (no ring)

@: very slightly contaminated
A: no striking features
a: Renounce Religion


You were on level 4 of the Dungeon.
You worshipped Vehumet.
Vehumet was noncommittal.
You were not hungry.

You visited 2 branches of the dungeon, and saw 6 of its levels.

You collected 172 gold pieces.

Inventory:

Hand Weapons
 a - a +0 dagger of holy wrath (weapon)
Armour
 b - a +0 robe (worn)
 k - a +1 helmet (worn)
 m - a +0 pair of gloves (worn)
 o - a +0 pair of boots (worn)
Jewellery
 h - a ring of protection from magic (left hand)
 l - an uncursed ring of fire
Wands
 u - a wand of random effects (24)
Scrolls
 d - a scroll of fear
 g - 5 scrolls of remove curse
 p - a scroll of noise {unknown}
 s - a scroll of enchant armour {unknown}
 t - a scroll of random uselessness {unknown}
 v - a scroll of identify
Potions
 e - a potion of flight
 f - 2 potions of degeneration {unknown}
 i - a potion of lignification {unknown}
 j - a potion of brilliance {unknown}
 n - a potion of agility {unknown}
 q - a potion of curing {unknown}
 r - a potion of heal wounds {unknown}
Comestibles
 c - 9 rations


   Skills:
 + Level 2.3 Fighting
 + Level 3.1 Dodging
 - Level 2.0 Stealth
 + Level 3.1 Spellcasting
 + Level 2.7 Conjurations
 * Level 4.7 Air Magic


You had one spell level left.
You knew the following spells:

 Your Spells              Type           Power        Failure   Level  Hunger
a - Shock                 Conj/Air       ###.         3%          1    None
b - Airstrike             Air            ###.......   22%         4    ####...
c - Lightning Bolt        Conj/Air       ###.......   67%         5    ######.

Your spell library contained the following spells:

 Spells                   Type           Power        Failure   Level  Hunger
 Swiftness                Chrm/Air       ##......     9%          2    ##.....
 Static Discharge         Conj/Air       ###.....     11%         3    ###....


Dungeon Overview and Level Annotations

Branches:
Dungeon (5/15)             Temple (1/1) D:4

Altars:
Dithmenos
Elyvilon
Fedhas
Hepliaklqana
Kikubaaqudgha
Makhleb
Nemelex Xobeh
Okawaru
Qazlal
Uskayaw
Vehumet
Xom
Yredelemnul
Zin
The Shining One

Annotations:
D:4 Eustachio


Message History

You closely miss Eustachio. The bat misses you. Eustachio barely misses you.
You closely miss Eustachio. The bat closely misses you.
Eustachio mumbles some strange words.
Aim: Eustachio, wielding a +1 rapier of electrocution and wearing a +0 leather The zap hits Eustachio.
The zap hits the rat.
You kill the rat!
The rat's corpse disappears in a puff of smoke!
The bat closely misses you.
Eustachio gestures wildly while chanting.
The bat barely misses you.
You hit Eustachio but do no damage. The bat closely misses you.
Eustachio hits you with a +1 rapier of electrocution!
* * * LOW HITPOINT WARNING * * *
You hit Eustachio. The bat closely misses you.
Eustachio gestures wildly while chanting.
You hit Eustachio but do no damage. The bat barely misses you.
Eustachio hits you with a +1 rapier of electrocution.
* * * LOW HITPOINT WARNING * * *
You are electrocuted!
You die...

.....................#
.#......#............#
.#......#............#
........#............#
...................###
........#######55#.#
........# #5r#.#
........# ##@#.#
........# #@#.#
..####### #b#.# ..#
#.#.# ..# #.#.# ###
### #.#.###########.#
#.#.............#
#.#############.# #.#
#.# #.########### #.#


You could see Eustachio, an iron imp, 2 white imps, a quokka and a bat.

Vanquished Creatures
  A bullfrog zombie (D:4)
  A hound (D:4)
  2 orc wizards (D:3)
  A bullfrog skeleton (D:4)
  An iguana (D:4)
  2 worker ants (D:4)
  3 adders
  An ooze (D:2)
  6 worms
  A dart slug (D:4)
  2 leopard geckos
  8 orcs
  7 bats
  2 giant cockroaches
  7 goblins
  10 hobgoblins
  2 jackals (D:4)
  2 quokkas (D:4)
  4 frilled lizards
  2 gnoll zombies (D:2)
  8 kobolds
  A quokka skeleton (D:4)
  9 rats
83 creatures vanquished.

Notes
Turn   | Place    | Note
-------+----------+-------------------------------------------
     0 | D:1      | RoseArtemis the Human Air Elementalist began the quest for
                  | the Orb.
     0 | D:1      | Reached XP level 1. HP: 13/13 MP: 3/3
   146 | D:1      | Reached XP level 2. HP: 19/19 MP: 0/5
   847 | D:1      | Reached XP level 3. HP: 25/25 MP: 3/6
  1041 | D:2      | Found a shimmering altar of Xom.
  1208 | D:2      | Reached skill level 1 in Fighting
  1468 | D:2      | Reached XP level 4. HP: 30/32 MP: 1/7
  1863 | D:2      | Found a glowing silver altar of Zin.
  1863 | D:2      | Noticed an angel
  2380 | D:2      | Found a basalt altar of Yredelemnul.
  3196 | D:3      | Reached XP level 5. HP: 30/37 MP: 1/8
  3213 | D:3      | Reached skill level 4 in Air Magic
  4088 | D:4      | Reached XP level 6. HP: 28/44 MP: 0/10
  4207 | D:4      | Learned a level 4 spell: Airstrike
  4213 | D:4      | Learned a level 5 spell: Lightning Bolt
  5226 | D:4      | Found a sparkling altar of Nemelex Xobeh.
  5309 | D:4      | Found a staircase to the Ecumenical Temple.
  5316 | Temple   | Entered the Ecumenical Temple
  5505 | Temple   | Became a worshipper of Vehumet
  5673 | D:5      | Entered Level 5 of the Dungeon
  5673 | D:5      | Noticed Eustachio
  5711 | D:4      | Slain by Eustachio

Vault maps used:
D:1:      dpeg_arrival_arbitrary_b, chequers_serial_rivers_micro_b
D:2:      zin_angel, lemuel_zombie_altar_yredelemnul, xom_teletrap_fun
D:3:      first_ration, glass_columns_a, bh_walls_and_bars
D:4:      kennysheep_mini, minmay_temple_entry_fiery
D:5:      old_standard_altar, kennysheep_generic_room_15, uniq_eustachio
Temple:   minmay_temple_curvy_loop

Skill      XL: |  1  2  3  4  5  6 |
---------------+-------------------+-----
Fighting       | 1 2 |  2.3
Conjurations   | 2 |  2.7
Air Magic      | 4 |  4.7
Dodging        | 3 |  3.1
Spellcasting   | 3 |  3.1
Stealth        | |  2.0

Action                   |  1- 3 |  4- 6 || total
-------------------------+-------+-------++-------
Melee: Unarmed           |    19 |       ||    19
       Dagger            |       |    98 ||    98
 Cast: Shock             |    65 |   209 ||   274
  Use: Scroll            |     2 |     4 ||     6
  Eat: Chunk             |     3 |    12 ||    15
       Ration            |       |     1 ||     1
Armor: Robe              |     2 |    44 ||    46
Dodge: Dodged            |    15 |   104 ||   119

Table legend:
 A = Non-vault XP
 B = Vault XP
 C = Vault XP percentage of total XP
 D = Non-vault monster count
 E = Vault monster count
 F = Vault count percentage of total count
                 A         B        C        D         E       F
            +---------+---------+-------+---------+---------+-------
      Total |     506 |       2 |   0.4 |      81 |       2 |   2.4
            +---------+---------+-------+---------+---------+-------
        D:1 |      30 |       0 |   0.0 |      20 |       0 |   0.0
        D:2 |      66 |       2 |   2.9 |      18 |       2 |  10.0
        D:3 |     141 |       0 |   0.0 |      26 |       0 |   0.0
        D:4 |     269 |       0 |   0.0 |      17 |       0 |   0.0
            +---------+---------+-------+---------+---------+-------
